 Dungeon Crawl Stone Soup version 0.28-a0-631-g0446da8ef9 (webtiles) character file.

Game seed: 15325451155815033772

481 Conn the Sneak (level 7, -3/42 HPs)
             Began as an Octopode Fire Elementalist on Oct 10, 2021.
             Shot with an arrow by a centaur (8 damage)
             ... on level 7 of the Dungeon.
             The game lasted 00:07:30 (4135 turns).

Conn the Sneak (Octopode Fire Elementalist)         Turns: 4135, Time: 00:07:31

Health: -3/42      AC:  1    Str:  7    XL:     7   Next: 12%
Magic:  14/21      EV: 13    Int: 20    God:
Gold:   131        SH:  0    Dex: 12    Spells: 6/13 levels left

rFire   . . .      SeeInvis .   b - +0 dagger
rCold   . . .      Faith    .   (no shield)
rNeg    . . .      Spirit   .   (helmet restricted)
rPois   .          Reflect  .   p - amulet of regeneration
rElec   .          Harm     .   l - ring of magical power
rCorr   .          Rampage  .   (no ring)
Will    .....                   (no ring)
Stlth   ++++......              (no ring)
HPRegen 1.14/turn               (no ring)
MPRegen 0.17/turn               (no ring)
                                (no ring)
                                (no ring)

@: no status effects
A: almost no armour, amphibious, 8 rings, camouflage 1, gelatinous body 1,
(nimble swimmer 1), tentacles
a: no special abilities


You were on level 7 of the Dungeon.
You visited 1 branch of the dungeon, and saw 6 of its levels.

You collected 131 gold pieces.

Inventory:

Hand Weapons
 b - a +0 dagger (weapon)
Missiles
 m - 13 poisoned darts
Armour
 h - a +0 buckler
Jewellery
 g - an amulet of magic regeneration
 l - a ring of magical power (left tentacle)
 p - an amulet of regeneration (around mantle)
Wands
 d - a wand of iceblast (5)
 k - a wand of acid (6)
Scrolls
 j - a scroll of vulnerability {unknown}
 n - a scroll of blinking {unknown}
 o - a scroll of fear {unknown}
 q - a scroll of teleportation
 u - a scroll of identify {unknown}
 v - a scroll of enchant weapon {unknown}
Potions
 a - a potion of magic
 c - a potion of curing {unknown}
 e - 2 potions of brilliance
 f - 2 potions of lignification {unknown}
 i - a potion of degeneration {unknown}
 r - a potion of cancellation {unknown}
 s - a potion of flight {unknown}
 t - a potion of resistance {unknown}


   Skills:
 + Level 0.5 Fighting
 + Level 1.2 Short Blades
 + Level 2.9 Dodging
 + Level 4.8 Stealth
 + Level 3.9 Spellcasting
 + Level 2.6 Conjurations
 + Level 4.7 Fire Magic


You had 6 spell levels left.
You knew the following spells:

 Your Spells              Type           Power      Damage    Failure   Level
a - Foxfire               Conj/Fire      72%        2x1d7     2%          1
b - Conjure Flame         Conj/Fire      18%        6-21      9%          3
c - Inner Flame           Hex/Fire       13%        N/A       14%         3

Your spell library contained the following spells:

 Spells                   Type           Power      Damage    Failure   Level
 Scorch                   Fire           46%        2d7       2%          2
 Flame Wave               Conj/Fire      18%        3d5       28%         4


Dungeon Overview and Level Annotations

Branches:
Dungeon (5/15)
 Temple: D:4-7

Altars:
Makhleb
Trog
The Shining One

Shops:
D:1 (   D:4 (


Innate Abilities, Weirdness & Mutations

You cannot wear most types of armour.
You are amphibious.
You can wear up to eight rings at the same time.
Your skin changes colour to match your surroundings (Stealth+).
Your rubbery body absorbs attacks. (AC +1, EV +1)
((You are camouflaged near water. (Stealth+)))
You have tentacles for arms and can constrict up to eight enemies at once.


Message History

The wyvern explodes!
You hear a shout! x6
Your Short Blades skill increases to level 1!
You have reached level 7!
Unknown command.
An orc and 2 centaurs come into view.
The centaur shouts!
The centaur wields a +0 shortbow.
The centaur shoots an arrow.
The arrow barely misses you.
The centaur wields a +0 shortbow.
The centaur shoots an arrow.
The arrow completely misses you.
The centaur shoots an arrow.
The arrow hits you!
You see here 12 gold pieces.
Casting: Foxfire (safe; 2% risk of failure)
Confirm with . or Enter, or press ? or * to list all spells.
Okay, then.
Unknown command.
Unknown command.
Aiming: Iceblast
Press: ? - help, Shift-Dir - straight line, f - centaur
Aim: a centaur, wielding a +0 shortbow and quivering arrows
Okay, then.
Unknown command.
Unknown command.
Okay, then.
Okay, then.
Aiming: Iceblast
Press: ? - help, Shift-Dir - straight line, f - centaur
Aim: a centaur, wielding a +0 shortbow and quivering arrows The mass of ice explodes!
The iceblast engulfs the centaur!
The centaur is moderately wounded.
The iceblast engulfs the centaur!
The centaur is severely wounded.
The iceblast engulfs the orc!
You kill the orc!
You hear a shout!
The centaur shoots an arrow.
The arrow hits you!
* * * LOW HITPOINT WARNING * * *
The centaur shoots an arrow.
The arrow hits you!
You die...

#..# .... #+# #...
.... #.# #).# .....
#.# #cc##
.....##.###...#####
......... ........
........###.#..#
........§..@..>##
.......§§...(......
.##########.##.#.#.
#.# .. #.# ## ...
#.# #.#


You could see 2 centaurs.

Vanquished Creatures
  A wyvern (D:7)
  A wyvern skeleton (D:3)
  A bullfrog zombie (D:3)
  A hound (D:4)
  An orc priest (D:3)
  An iguana (D:4)
  A hound skeleton (D:4)
  4 gnolls (D:2)
  5 adders
  An ufetubus (D:5)
  2 dart slugs (D:3)
  4 orcs
  5 endoplasms
  A giant cockroach (D:2)
  4 goblins
  8 hobgoblins
  3 jackals (D:2)
  8 quokkas
  6 ball pythons
  5 bats
  2 frilled lizards
  A kobold (D:3)
  A rat (D:1)
67 creatures vanquished.

Vanquished Creatures (others)
  191 foxfires
191 creatures vanquished.

Grand Total: 258 creatures vanquished

Notes
Turn   | Place    | Note
-------+----------+-------------------------------------------
     0 | D:1      | Conn the Octopode Fire Elementalist began the quest for the
                  | Orb.
     0 | D:1      | Reached XP level 1. HP: 11/11 MP: 3/3
   387 | D:1      | Reached XP level 2. HP: 17/17 MP: 1/5
   590 | D:1      | Found Tick's Antique Weapon Shop.
  1251 | D:2      | Reached XP level 3. HP: 21/21 MP: 3/6
  1830 | D:2      | Found a faded altar of an unknown god.
  2105 | D:2      | Reached XP level 4. HP: 27/27 MP: 3/7
  2255 | D:3      | Found a bloodstained altar of Trog.
  2585 | D:3      | Learned a level 3 spell: Conjure Flame
  2589 | D:3      | Learned a level 3 spell: Inner Flame
  2685 | D:3      | Found a glowing golden altar of the Shining One.
  2707 | D:3      | Reached XP level 5. HP: 23/31 MP: 8/8
  3413 | D:3      | Reached XP level 6. HP: 22/36 MP: 10/10
  3587 | D:4      | Found a burning altar of Makhleb.
  3801 | D:4      | Found Baemiaph's Antique Weapon Boutique.
  4045 | D:5      | Entered Level 5 of the Dungeon
  4125 | D:5      | You fall into a shaft and drop 2 floors!
  4125 | D:7      | Noticed a wyvern
  4132 | D:7      | Killed a wyvern
  4133 | D:7      | Reached skill level 1 in Short Blades
  4133 | D:7      | Reached XP level 7. HP: 23/42 MP: 12/12
  4135 | D:7      | Shot with an arrow by a centaur

Illustrated notes

Levels and vault maps discovered:
D:1:      eino_arrival_cavern_a, layout_loops_ring, serial_shops,
          nicolae_shop_window_shopping
D:2:      layout_basic, hellmonk_ecumenical_altar_run_dry
D:3:      layout_loops_corners, trog_book, mainiacjoe_overflow_alcove_4
D:4:      layout_basic, lightli_temple_of_fire, serial_shops,
          kennysheep_little_box, mrwooster_statue_mirror
D:5:      layout_loops_ring, uniq_sigmund
D:7:      layout_basic, general_overflow_altar,
          minmay_temple_entry_statues_fountains, corexii_checkpoint_b

Skill      XL: |  1  2  3  4  5  6 |
---------------+-------------------+-----
Stealth        | 3 4 |  4.8
Fire Magic     | 4 |  4.7
Spellcasting   | 3 |  3.9
Conjurations   | 2 |  2.6
Short Blades   | 1 |  1.2
Fighting       | |  0.5
Dodging        | |  2.9

Action                   |  1- 3 |  4- 6 |  7- 9 || total
-------------------------+-------+-------+-------++-------
Melee: Dagger            |    28 |    35 |       ||    63
       Constrict         |     6 |     8 |       ||    14
       Tentacles         |     3 |     6 |       ||     9
 Cast: Foxfire           |    40 |    68 |       ||   108
       Conjure Flame     |       |     1 |       ||     1
       Inner Flame       |       |     1 |       ||     1
Evoke: Wand              |       |       |     1 ||     1
  Use: Scroll            |       |     2 |       ||     2
       Potion            |       |     2 |       ||     2
 Stab: Sleeping          |     6 |     5 |       ||    11
Armor: Skin              |     1 |     2 |       ||     3
Dodge: Dodged            |    18 |    34 |     2 ||    54

Table legend: (Time is in decaauts)
 A = Elapsed time spent in this place.
 B = Non-inter-level travel time spent in this place.
 C = Inter-level travel time spent in this place.
 D = Time resting spent in this place.
 E = Time spent auto-exploring this place.
 F = Levels seen in this place.
 G = Mean time per level.
                   A        B        C        D        E       F      G
               +--------+--------+--------+--------+--------+-----+--------+
         Total |   4132 |   4010 |    122 |    158 |   2961 |   6 |  688.7 |
       Dungeon |   4132 |   4010 |    122 |    158 |   2961 |   6 |  688.7 |
               +--------+--------+--------+--------+--------+-----+--------+

Top non-repeatable levels by time:
     D:3: 1230 daAuts
     D:2: 1173 daAuts
     D:1: 1075 daAuts
     D:4: 564 daAuts
     D:5: 79 daAuts
     D:7: 9 daAuts
